 Dungeon Crawl Stone Soup version 0.29-a0-338-g1ff7896281 (webtiles) character file.

Game seed: 10229217509861291229

986 spaghetti the Conjurer (level 8, 0/67 HPs)
             Began as an Ogre Earth Elementalist on Apr 18, 2022.
             Was an Initiate of Gozag.
             Slain by a five-headed hydra (12 damage)
             ... on level 6 of the Dungeon.
             The game lasted 00:08:23 (6172 turns).

spaghetti the Conjurer (Ogre Earth Elementalist)    Turns: 6172, Time: 00:08:23

Health: 0/67       AC:  3    Str: 25    XL:     8   Next: 18%
Magic:  2/11       EV:  9    Int: 18    God:    Gozag
Gold:   249        SH:  0    Dex:  9    Spells: 3/11 levels left

rFire   . . .      SeeInvis .   r - +0 dagger (vamp) {short}
rCold   . . .      Faith    .   (no shield)
rNeg    . . .      Spirit   .   b - +0 robe
rPois   .          Reflect  .   (helmet restricted)
rElec   .          Harm     .   (no cloak)
rCorr   .          Rampage  .   (gloves unavailable)
Will    .....                   (boots unavailable)
Stlth   +.........              o - amulet of the acrobat
HPRegen 0.21/turn               u - +6 ring of strength
MPRegen 0.12/turn               w - +6 ring of strength

@: weak-willed
A: large, unfitting armour, tough skin 1
a: Renounce Religion, Potion Petition, Call Merchant, Bribe Branch


You were on level 6 of the Dungeon.
You worshipped Gozag.
Gozag was aware of your devotion.
You visited 1 branch of the dungeon, and saw 7 of its levels.

You collected 315 gold pieces.
You paid 66 gold pieces to Gozag.


Innate Abilities, Weirdness & Mutations

You are too large for most types of armour.
You have tough skin. (AC +1)


   Skills:
 - Level 1.7 Dodging
 - Level 1.4 Stealth
 - Level 2.4 Spellcasting
 * Level 6.3 Conjurations
 - Level 0.8 Transmutations
 + Level 6.0 Earth Magic


You had 3 spell levels left.
You knew the following spells:

 Your Spells              Type           Power      Damage    Failure   Level
a - Sandblast             Erth           46%        2d11      1%          1
b - Stone Arrow           Conj/Erth      48%        3d10      4%          3
c - Petrify               Tmut/Erth      14%        N/A       38%         4

Your spell library contained the following spells:

 Spells                   Type           Power      Damage    Failure   Level
 Passwall                 Tmut/Erth      11%        N/A       6%          2
 Animate Skeleton         Necr           4%         N/A       17%         1
 Pain                     Necr           8%         1d4       17%         1
 Vampiric Draining        Necr           2%         2d6       45%         3

Inventory:

Hand Weapons
 d - a +0 dagger {short}
   (You took it off a goblin on level 1 of the Dungeon)
 f - a +0 short sword {short}
   (You took it off a kobold on level 1 of the Dungeon)
 g - a +0 hunting sling {sling}
   (You found it on level 1 of the Dungeon)
 h - a +0 dagger {short}
   (You took it off a goblin on level 1 of the Dungeon)
 r - a +0 vampiric dagger (weapon) {short}
   (You took it off a kobold on level 3 of the Dungeon)
Missiles
 a - 3 boomerangs {throwing}
 l - 189 stones {throwing}
 v - 5 poisoned darts {throwing}
 y - 3 large rocks {=fthrowing}
Armour
 b - a +0 robe (worn)
Jewellery
 k - an amulet of guardian spirit
   (You found it on level 1 of the Dungeon)
 o - an amulet of the acrobat (around neck)
   (You found it on level 2 of the Dungeon)
 u - a +6 ring of strength (left hand)
   (You found it on level 4 of the Dungeon)
 w - a +6 ring of strength (right hand)
   (You found it on level 4 of the Dungeon)
Wands
 E - a wand of iceblast (6)
   (You found it on level 6 of the Dungeon)
Scrolls
 m - a scroll of magic mapping {unknown}
 n - a scroll of teleportation {unknown}
 p - 2 scrolls of enchant armour {unknown}
 q - 2 scrolls of identify {unknown}
 s - 2 scrolls of immolation {unknown}
 t - a scroll of amnesia {unknown}
 A - a scroll of fog {unknown}
 C - a scroll of noise {unknown}
 D - a scroll of enchant weapon {unknown}
 F - a scroll of silence {unknown}
Potions
 c - 2 potions of invisibility
 e - a potion of haste {@q3}
 i - a potion of brilliance
 x - a potion of lignification {unknown}
 z - a potion of might {unknown}
 B - a potion of heal wounds {unknown}
 G - a potion of berserk rage {unknown}

Dungeon Overview and Level Annotations

Branches:
Dungeon (7/15)
 Temple: D:4-7

Altars:
Gozag

Shops:
D:3

[ #.
#..................... #D
#.......### ..........
#.#.........# .........
##$.......# #...###.
#.........##.. #...# #.
#..####..>..##.###...###.
#. ##$##..#...........
#D# ..........###
.######@#####.........##
..W....................#
.######.##.............#
#.##.............#
###.#.............##
..[.#.#......#......
##........#####...
###...........)..
##.....#####...


You could see a five-headed hydra (weak-willed) and a phantom (weak-willed).


Message History

Aim: an ice beast (severely wounded, 71% to hit)
The stone arrow hits the ice beast!
You kill the ice beast!
Your Conjurations skill increases to level 6!
Your Earth Magic skill increases to level 6! 😎 MP[-3]
You lost 3 mp, and now have 5/11 mp.
Casting: Stone Arrow (dangerous; 4% risk of failure)
Confirm with . or Enter, or press ? or * to list all spells.
You can't see any susceptible monsters within range! (Use Z to cast anyway.)
You hear the brisk hiss of a very distant avalanche of sand.
A howler monkey comes into view.
You see here 12 gold pieces. 😎 MP[+6]
Your mp is fully restored (11).
A howler monkey is nearby!
A howler monkey is nearby!
A howler monkey is nearby!
The howler monkey howls!
You hear a roar!
A hound comes into view.
You hear an angry hiss.
A five-headed hydra comes into view.
Casting: Stone Arrow (dangerous; 4% risk of failure)
Confirm with . or Enter, or press ? or * to list all spells.
Aiming: Stone Arrow (dangerous; 4% risk of failure)
Press: ? - help, Shift-Dir - straight line, f - howler monkey
Aim: a howler monkey (68% to hit)
The stone arrow hits the howler monkey! 😎 MP[-3]
You lost 3 mp, and now have 8/11 mp.
Casting: Stone Arrow (dangerous; 4% risk of failure)
Confirm with . or Enter, or press ? or * to list all spells.
Aiming: Stone Arrow (dangerous; 4% risk of failure)
Press: ? - help, Shift-Dir - straight line, f/p - howler monkey
Aim: a howler monkey (severely wounded, 68% to hit)
The stone arrow hits the howler monkey!!
You kill the howler monkey!
The five-headed hydra is distracted by your dazzling golden aura. 😎 MP[-3]
You lost 3 mp, and now have 5/11 mp.
You hear the brisk hiss of a very distant avalanche of sand.
You see here 12 gold pieces. 😎 MP[+1]
(D) Dungeon
Where to? (Enter - D:6, ? - help)
There is a stone staircase leading up here.
You climb upwards.
There is a stone staircase leading down here. 😎 MP[+1]
You start resting. 😎 MP[+4]
Your mp is fully restored (11).
You climb downwards.
You hear the hiss of flowing sand.
There is an entrance to an ossuary on this level.
Hurry and find it before the portal is buried!
There is a stone staircase leading up here.
Unknown command.
You hear the brisk hiss of a very distant avalanche of sand.
A five-headed hydra is nearby!
Casting: Stone Arrow (dangerous; 4% risk of failure)
Confirm with . or Enter, or press ? or * to list all spells.
Aiming: Stone Arrow (dangerous; 4% risk of failure)
Press: ? - help, Shift-Dir - straight line, f - five-headed hydra
Aim: a five-headed hydra (wandering, hasn't noticed you, 90% to hit)
The stone arrow hits the five-headed hydra!
The five-headed hydra roars! 😎 MP[-3]
You lost 3 mp, and now have 8/11 mp.
Casting: Stone Arrow (dangerous; 4% risk of failure)
Confirm with . or Enter, or press ? or * to list all spells.
Aiming: Stone Arrow (dangerous; 4% risk of failure)
Press: ? - help, Shift-Dir - straight line, f/p - five-headed hydra
Aim: a five-headed hydra (moderately wounded, 90% to hit)
The stone arrow hits the five-headed hydra!
A phantom comes into view. 😎 MP[-3]
You lost 3 mp, and now have 5/11 mp.
Casting: Stone Arrow (dangerous; 4% risk of failure)
Confirm with . or Enter, or press ? or * to list all spells.
Aiming: Stone Arrow (dangerous; 4% risk of failure)
Press: ? - help, Shift-Dir - straight line, f/p - five-headed hydra
Aim: a five-headed hydra (moderately wounded, 90% to hit)
The stone arrow hits the five-headed hydra!
The five-headed hydra bites you. The five-headed hydra bites you! x2
The five-headed hydra bites you. The five-headed hydra bites you!
* * * LOW HITPOINT WARNING * * *
😨 HP[-41] MP[-3]
You take 41 damage, and now have 26/67 hp.
MASSIVE DAMAGE!! (PAUSE)
You lost 3 mp, and now have 2/11 mp.
Okay, then.
Okay, then.
As you read the scroll labelled EDOSOGYCHAB, it crumbles to dust.
Magic quickly surges around you.
It was a scroll of vulnerability.
The five-headed hydra closely misses you. x2
The five-headed hydra bites you!
* * * LOW HITPOINT WARNING * * *
The five-headed hydra bites you!
You die...
Your body crumbles into a pile of gold.

Skill      XL: |  1  2  3  4  5  6  7  8 |
---------------+-------------------------+-----
Earth Magic    | 3 4 5 6 |  6.0
Conjurations   | 1 3 4 5 6 |  6.3
Dodging        | |  1.7
Stealth        | |  1.4
Spellcasting   | |  2.4
Transmutations | |  0.8

Action                   |  1- 3 |  4- 6 |  7- 9 || total
-------------------------+-------+-------+-------++-------
Melee: Dagger            |     9 |    18 |    17 ||    44
       Punch             |       |     1 |       ||     1
 Cast: Sandblast         |    49 |    25 |    16 ||    90
       Stone Arrow       |     2 |    32 |    25 ||    59
  Use: Potion            |     1 |       |     5 ||     6
       Scroll            |       |       |     1 ||     1
Armor: Robe              |    11 |    14 |     4 ||    29
Dodge: Dodged            |    13 |    26 |    11 ||    50

Levels and vault maps discovered:
D:1:      zelgadis_glass_arrival_small, layout_basic
D:2:      layout_basic, uniq_sigmund
D:3:      layout_rooms, shapermc_ecumenical_altar_starsandcircs, serial_shops,
          nicolae_shop_waterfront, serial_undead, serial_undead_b,
          serial_undead_a, serial_undead_e, serial_undead_c, serial_undead_b,
          serial_undead_c, nrook_mini_vaults, patterned_corridor
D:4:      layout_gridville
D:5:      layout_loops_ring, grunt_gozag_breadcrumbs
D:6:      layout_rooms, minmay_temple_entry_fiery, enter_ossuary_4,
          chequers_arboretum, roderic_serpentine_path, minmay_misc_feat_cross,
          kennysheep_nondescript, minmay_manual_mail
D:7:      layout_loops_ring, uniq_crazy_yiuf_cottage, uniq_menkaure

Notes
Turn   | Place    | Note
-------+----------+-------------------------------------------
     0 | D:1      | spaghetti the Ogre Earth Elementalist began the quest for
                  | the Orb.
     0 | D:1      | Reached XP level 1. HP: 16/16 MP: 3/3
     0 | D:1      | magus.rc [v1.9.6]
    99 | D:1      | Reached skill level 3 in Earth Magic
   100 | D:1      | You pick up a book of Necromancy and begin reading...
   100 | D:1      | You add the spells Pain, Animate Skeleton and Vampiric
                  | Draining to your library.
   163 | D:1      | Reached XP level 2. HP: 24/24 MP: 3/5
   519 | D:1      | Reached XP level 3. HP: 31/31 MP: 4/6
  1014 | D:2      | Learned a level 3 spell: Stone Arrow
  1360 | D:2      | Reached skill level 4 in Earth Magic
  1673 | D:2      | Reached skill level 1 in Conjurations
  1673 | D:2      | Reached XP level 4. HP: 39/39 MP: 3/7
  1854 | D:2      | Noticed Sigmund
  1860 | D:2      | Killed Sigmund
  1861 | D:2      | Reached skill level 3 in Conjurations
  1861 | D:2      | Reached XP level 5. HP: 41/45 MP: 0/8
  1944 | D:2      | Reached XP level 6. HP: 53/53 MP: 7/9
  2704 | D:3      | Found Jeufue's Armour Shop.
  3008 | D:3      | Found a faded altar of an unknown god.
  4148 | D:5      | Entered Level 5 of the Dungeon
  4151 | D:5      | Reached skill level 4 in Conjurations
  4151 | D:5      | Reached skill level 5 in Earth Magic
  4505 | D:5      | Reached XP level 7. HP: 59/59 MP: 6/10
  4617 | D:5      | HP: 14/59 [poisoned by a scorpion]
  4618 | D:5      | HP: 5/59 [scorpion (6)]
  4622 | D:5      | Reached skill level 5 in Conjurations
  4909 | D:5      | Learned a level 4 spell: Petrify
  4969 | D:5      | Found an opulent altar of Gozag.
  5055 | D:5      | Became a worshipper of Gozag Ym Sagoz the Greedy
  5901 | D:6      | Reached XP level 8. HP: 61/67 MP: 4/11
  6054 | D:6      | Reached skill level 6 in Conjurations
  6054 | D:6      | Reached skill level 6 in Earth Magic
  6106 | D:6      | Noticed a five-headed hydra
  6172 | D:6      | HP: 12/67 [five-headed hydra (14)]
  6172 | D:6      | Slain by a five-headed hydra

Vanquished Creatures
  Sigmund (D:2)
  2 ice beasts (D:6)
  2 scorpions (D:5)
  2 howler monkeys
  2 hounds
  A jelly (D:5)
  2 orc priests (D:5)
  4 iguanas
  A hound zombie (D:3)
  A hound skeleton (D:3)
  4 adders
  An ufetubus (D:6)
  4 adder skeletons (D:3)
  A worm (D:3)
  6 orcs
  6 ball pythons
  5 endoplasms
  4 giant cockroaches
  7 goblins
  4 hobgoblins
  4 jackals
  5 kobolds
  5 quokkas
  A ball python skeleton (D:3)
  9 bats
  4 frilled lizards
  6 rats
94 creatures vanquished.

Vanquished Creatures (others)
  2 orc wizards (D:5)
  3 withered plants (D:3)
5 creatures vanquished.

Grand Total: 99 creatures vanquished

Table legend:
 A = Non-vault XP
 B = Vault XP
 C = Vault XP percentage of total XP
 D = Non-vault monster count
 E = Vault monster count
 F = Vault count percentage of total count
                 A         B        C        D         E       F
            +---------+---------+-------+---------+---------+-------
      Total |    1071 |     338 |  24.0 |      87 |       9 |   9.4
            +---------+---------+-------+---------+---------+-------
        D:1 |      41 |       0 |   0.0 |      24 |       0 |   0.0
        D:2 |      52 |     226 |  81.3 |      17 |       1 |   5.6
        D:3 |      40 |      61 |  60.4 |      17 |       7 |  29.2
        D:4 |      51 |       0 |   0.0 |       5 |       0 |   0.0
        D:5 |     524 |       0 |   0.0 |      18 |       0 |   0.0
        D:6 |     363 |      51 |  12.3 |       6 |       1 |  14.3
            +---------+---------+-------+---------+---------+-------

Illustrated notes

Table legend:
 A = Kills in this place as a percentage of kills in entire the game.
 B = Kills by you in this place as a percentage of kills by you in the entire game.
 C = Kills by friends in this place as a percentage of kills by friends in the entire game.
 D = Other kills in this place as a percentage of other kills in the entire game.
 E = Experience gained in this place as a percentage of experience gained in the entire game.
 F = Experience gained in this place divided by the number of levels of this place that you have seen.
                   A       B       C       D       E      F
               +-------+-------+-------+-------+-------+----------------------
         Total | 100.0 | 100.0 |   N/A | 100.0 | 100.0 | 201.3
       Dungeon | 100.0 | 100.0 |   N/A | 100.0 | 100.0 | 201.3
               +-------+-------+-------+-------+-------+----------------------

Table legend: (Time is in decaauts)
 A = Elapsed time spent in this place.
 B = Non-inter-level travel time spent in this place.
 C = Inter-level travel time spent in this place.
 D = Time resting spent in this place.
 E = Time spent auto-exploring this place.
 F = Levels seen in this place.
 G = Mean time per level.
                   A        B        C        D        E       F      G
               +--------+--------+--------+--------+--------+-----+--------+
         Total |   6152 |   6016 |    136 |    946 |   4434 |   7 |  878.9 |
       Dungeon |   6152 |   6016 |    136 |    946 |   4434 |   7 |  878.9 |
               +--------+--------+--------+--------+--------+-----+--------+

Top non-repeatable levels by time:
     D:5: 1481 daAuts
     D:3: 1189 daAuts
     D:2: 1113 daAuts
     D:1: 988 daAuts
     D:4: 933 daAuts
     D:6: 369 daAuts
     D:7: 76 daAuts
